Construct Section Command Post
Selects Indian Artillery Battlegroup
Construct Field Infirmary
Construct Platoon Command Post
Selects Towed ML 4.2-inch Heavy Mortar
Unlock Bishop Self-propelled Artillery
Selects Gurkha Rifles Section
Bishop Self-propelled Artillery
6-pounder Anti-tank Gun Team
Bishop Self-propelled Artillery
Construct Company Command Post
Selects Volunteer Infantry
Selects Off-map Airburst Barrage
Bishop Self-propelled Artillery